 Dungeon Crawl Stone Soup version 0.27.1-2-g3b301248ec (webtiles) character file.

Game seed: 17830845031831414344

94 Rickety the Conjurer (level 4, -6/32 HPs)
             Began as a Gnoll Conjurer on Oct 1, 2021.
             Killed from afar by Ijyb (9 damage)
             ... with an iceblast
             ... on level 3 of the Dungeon.
             The game lasted 00:04:34 (2658 turns).

Rickety the Conjurer (Gnoll Conjurer)               Turns: 2658, Time: 00:04:35

Health: -6/32      AC:  2    Str:  6    XL:     4   Next: 63%
Magic:  2/11       EV: 13    Int: 18    God:
Gold:   53         SH:  0    Dex: 11    Spells: 10/13 levels left

rFire    . . .     SeeInvis .   d - +4 dagger
rCold    . . .     Faith    .   (no shield)
rNeg     . . .     Spirit   .   a - +0 robe
rPois    .         Reflect  .   (no helmet)
rElec    .         Harm     .   (no cloak)
rCorr    .         Rampage  .   (no gloves)
Will     .....                  (no boots)
Stlth    ++........             (no amulet)
HPRegen  0.10/turn              (no ring)
MPRegen  0.12/turn              (no ring)

@: no status effects
A: fangs 1, strong nose, distributed training
a: no special abilities


You were on level 3 of the Dungeon.
You visited 1 branch of the dungeon, and saw 3 of its levels.

You collected 53 gold pieces.

Inventory:

Hand Weapons
 d - a +4 dagger (weapon)
Missiles
 f - 3 javelins
 j - 14 poisoned darts
Armour
 a - a +0 robe (worn)
Magical Staves
 i - a staff of air
Jewellery
 n - a ring of fire
Scrolls
 b - a scroll of brand weapon {unknown}
 g - a scroll of fear {unknown}
 h - 2 scrolls of identify {unknown}
 m - a scroll of enchant weapon {unknown}
Potions
 c - a potion of mutation {unknown}
 e - a potion of degeneration {unknown}
 k - a potion of heal wounds {unknown}
 l - a potion of flight {unknown}
 o - a potion of haste {unknown}


   Skills:
 + Level 1.2 Fighting
 + Level 1.2 Short Blades
 + Level 1.2 Long Blades
 + Level 1.2 Axes
 + Level 1.2 Maces & Flails
 + Level 1.2 Polearms
 + Level 1.2 Staves
 + Level 1.2 Slings
 + Level 1.2 Bows
 + Level 1.2 Crossbows
 + Level 1.2 Throwing
 + Level 1.2 Armour
 + Level 4.6 Dodging
 + Level 4.3 Stealth
 + Level 1.2 Shields
 + Level 1.2 Unarmed Combat
 + Level 5.1 Spellcasting
 + Level 7.1 Conjurations
 + Level 1.0 Hexes
 + Level 1.0 Summonings
 + Level 1.0 Necromancy
 + Level 1.0 Translocations
 + Level 1.0 Transmutations
 + Level 1.0 Fire Magic
 + Level 1.0 Ice Magic
 + Level 1.0 Air Magic
 + Level 1.0 Earth Magic
 + Level 1.0 Poison Magic
 + Level 1.3 Invocations
 + Level 1.2 Evocations


You had 10 spell levels left.
You knew the following spells:

 Your Spells              Type           Power      Damage    Failure   Level
a - Magic Dart            Conj           100%       1d8       1%          1
r - Searing Ray           Conj           60%        3d5       1%          2

Your spell library contained the following spells:

 Spells                   Type           Power      Damage    Failure   Level
 Dazzling Flash           Conj/Hex       38%        N/A       8%          3
 Animate Skeleton         Necr           16%        N/A       9%          1
 Apportation              Tloc           16%        N/A       9%          1
 Corona                   Hex            8%         N/A       9%          1
 Summon Small Mammal      Summ           32%        N/A       9%          1
 Ensorcelled Hibernation  Hex/Ice        16%        N/A       13%         2
 Fulminant Prism          Conj/Hex       9%         3d7       24%         4
 Iskenderun's Mystic Bla  Conj/Tloc      19%        2d6       24%         4
 Tukima's Dance           Hex            8%         N/A       26%         3


Dungeon Overview and Level Annotations

Branches:
Dungeon (3/15)

Altars:
Elyvilon
Makhleb
Beogh

Annotations:
D:3 Ijyb


Innate Abilities, Weirdness & Mutations

You have very sharp teeth.
Your uncanny sense of smell can sniff out nearby items.
Your experience applies equally to all skills.


Message History

Found a scroll labelled KOIMES DEBBA.
Ijyb the Twisted Goblin comes into view.
She is wielding a +0 club and carrying a wand of iceblast (11).
Aiming: Magic Dart (safe; 1% risk of failure)
Press: ? - help, Q - select action, (/) - cycle Shift-Dir - straight line, f - Ijyb
Aim: Ijyb, wielding a +0 club, wearing a +0 ring mail and carrying a wand of iceblast (11) (100% to hit)
The magic dart hits Ijyb but does no damage.
Unknown command.
Casting: Magic Dart (safe; 1% risk of failure)
Confirm with . or Enter, or press ? or * to list all spells.
You can't see any susceptible monsters within range! (Use Z to cast anyway.)
Aiming: Magic Dart (safe; 1% risk of failure)
Press: ? - help, Q - select action, (/) - cycle Shift-Dir - straight line, f/p - Ijyb
Aim: Ijyb, wielding a +0 club, wearing a +0 ring mail and carrying a wand of iceblast (11) (100% to hit)
The magic dart hits Ijyb.
Ijyb is lightly wounded.
Casting: Magic Dart (safe; 1% risk of failure)
Confirm with . or Enter, or press ? or * to list all spells.
Aiming: Searing Ray (safe; 1% risk of failure)
Press: ? - help, Shift-Dir - straight line, f/p - Ijyb
Aim: Ijyb, wielding a +0 club, wearing a +0 ring mail and carrying a wand of iceblast (11) (lightly wounded, 77% to hit)
The searing ray hits Ijyb but does no damage.
Ijyb is lightly wounded. (Press . to maintain the ray.)
The searing ray hits Ijyb!
Ijyb is heavily wounded.
The searing ray hits Ijyb.
Ijyb is severely wounded.
Ijyb zaps a wand.
The mass of ice explodes!
The iceblast engulfs you!
The searing ray misses Ijyb.
You finish channeling your searing ray.
Ijyb zaps a wand.
The mass of ice explodes!
The iceblast engulfs you!
* * * LOW HITPOINT WARNING * * *
Casting: Searing Ray (safe; 1% risk of failure)
Confirm with . or Enter, or press ? or * to list all spells.
Aiming: Searing Ray (safe; 1% risk of failure)
Press: ? - help, Shift-Dir - straight line, f/p - Ijyb
Aim: Ijyb, wielding a +0 club, wearing a +0 ring mail and carrying a wand of iceblast (9) (severely wounded, 77% to hit)
The searing ray misses Ijyb. (Press . to maintain the ray.) Ijyb zaps a wand.
The mass of ice explodes!
The iceblast engulfs you!
You die...

.# ... # #.# #.# # #.#
#. ####### ## .?#
#.##.....# ##.. #g#
#####≈≈.###.#
.....##.####⌠#⌠##§.###.#
#.....@.##≈≈≈≈≈#≈.#....
##.###.###≈.).≈#≈...#.#
#.##..##⌠≈...§#§.###.#
#.....###§._..'.§....#
#......#⌠≈...≈#≈.#####
###...###≈...≈#≈.# #...#
#≈≈≈≈≈#≈.# #...#
##⌠#⌠##≈.#####
#####...########≈≈....##


You could see Ijyb.

Vanquished Creatures
  3 adders
  A worm (D:3)
  5 dart slugs (D:1)
  An orc (D:3)
  6 ball pythons
  7 bats
  2 endoplasms (D:1)
  4 giant cockroaches
  6 goblins
  3 hobgoblins
  2 quokkas (D:2)
  A frilled lizard (D:2)
  3 kobolds (D:1)
  7 rats
51 creatures vanquished.

Notes
Turn   | Place    | Note
-------+----------+-------------------------------------------
     0 | D:1      | Rickety the Gnoll Conjurer began the quest for the Orb.
     0 | D:1      | Reached XP level 1. HP: 13/13 MP: 6/6
    95 | D:1      | Reached XP level 2. HP: 20/20 MP: 4/7
    99 | D:1      | Learned a level 2 spell: Searing Ray
   254 | D:1      | Found a faded altar of an unknown god.
   450 | D:1      | Reached XP level 3. HP: 25/25 MP: 7/9
   479 | D:1      | Reached skill level 5 in Spellcasting
  1113 | D:1      | Reached skill level 1 in Invocations
  1499 | D:2      | Reached skill level 1 in Fighting
  1499 | D:2      | Reached skill level 1 in Short Blades
  1499 | D:2      | Reached skill level 1 in Long Blades
  1499 | D:2      | Reached skill level 1 in Axes
  1499 | D:2      | Reached skill level 1 in Maces & Flails
  1499 | D:2      | Reached skill level 1 in Polearms
  1499 | D:2      | Reached skill level 1 in Staves
  1499 | D:2      | Reached skill level 1 in Slings
  1499 | D:2      | Reached skill level 1 in Bows
  1499 | D:2      | Reached skill level 1 in Crossbows
  1499 | D:2      | Reached skill level 1 in Throwing
  1499 | D:2      | Reached skill level 1 in Armour
  1499 | D:2      | Reached skill level 1 in Shields
  1499 | D:2      | Reached skill level 1 in Unarmed Combat
  1499 | D:2      | Reached skill level 1 in Evocations
  1597 | D:2      | Reached XP level 4. HP: 32/32 MP: 8/11
  1681 | D:2      | Found a white marble altar of Elyvilon.
  2526 | D:3      | Reached skill level 1 in Hexes
  2526 | D:3      | Reached skill level 1 in Summonings
  2526 | D:3      | Reached skill level 1 in Necromancy
  2526 | D:3      | Reached skill level 1 in Translocations
  2526 | D:3      | Reached skill level 1 in Transmutations
  2526 | D:3      | Reached skill level 1 in Fire Magic
  2526 | D:3      | Reached skill level 1 in Ice Magic
  2526 | D:3      | Reached skill level 1 in Air Magic
  2526 | D:3      | Reached skill level 1 in Earth Magic
  2526 | D:3      | Reached skill level 1 in Poison Magic
  2617 | D:3      | Found a burning altar of Makhleb.
  2651 | D:3      | Noticed Ijyb
  2658 | D:3      | Killed from afar by Ijyb

Illustrated notes

Levels and vault maps discovered:
D:1:      minmay_arrival_nine_rooms, layout_basic,
          hellmonk_ecumenical_altar_defaced_shrine
D:2:      layout_loops_ring, basic_altar, amcnicky_mini_rare_corridor_liquid
D:3:      layout_loops_cross, lightli_temple_of_fire,
          amcnicky_mini_corridor_feature, uniq_ijyb

Skill      XL: |  1  2  3  4 |
---------------+-------------+-----
Spellcasting   | 5 |  5.1
Invocations    | 1 |  1.3
Fighting       | 1 |  1.2
Short Blades   | 1 |  1.2
Long Blades    | 1 |  1.2
Axes           | 1 |  1.2
Maces & Flails | 1 |  1.2
Polearms       | 1 |  1.2
Staves         | 1 |  1.2
Slings         | 1 |  1.2
Bows           | 1 |  1.2
Crossbows      | 1 |  1.2
Throwing       | 1 |  1.2
Armour         | 1 |  1.2
Shields        | 1 |  1.2
Unarmed Combat | 1 |  1.2
Evocations     | 1 |  1.2
Hexes          | 1 |  1.0
Summonings     | 1 |  1.0
Necromancy     | 1 |  1.0
Translocations | 1 |  1.0
Transmutations | 1 |  1.0
Fire Magic     | 1 |  1.0
Ice Magic      | 1 |  1.0
Air Magic      | 1 |  1.0
Earth Magic    | 1 |  1.0
Poison Magic   | 1 |  1.0
Dodging        | |  4.6
Stealth        | |  4.3
Conjurations   | |  7.1

Action                   |  1- 3 |  4- 6 || total
-------------------------+-------+-------++-------
 Cast: Magic Dart        |    49 |    24 ||    73
       Searing Ray       |     8 |     7 ||    15
Armor: Robe              |       |     1 ||     1
Dodge: Dodged            |     2 |     2 ||     4
